 Dungeon Crawl Stone Soup version 0.25-a0-464-g3004169c2b (webtiles) character file.

Game seed: 405087786607489164, levelgen mode: deterministic

455 Esekla the Magician (level 6, -2/32 HPs)
             Began as a Deep Elf Wizard on Feb 4, 2020.
             Killed from afar by Dowan (14 damage)
             ... with a stone arrow
             ... on level 5 of the Dungeon.
             The game lasted 00:39:49 (4095 turns).

Esekla the Magician (Deep Elf Wizard)               Turns: 4095, Time: 00:39:52

Health: -2/32      AC:  4    Str: 11    XL:     6   Next: 76%
Magic:  3/18       EV: 13    Int: 23    God:
Gold:   184        SH:  0    Dex: 13    Spells: 10/19 levels left

rFire    + . .     SeeInvis .   e - +2 dagger (holy)
rCold    + . .     Gourm    .   (no shield)
rNeg     . . .     Faith    .   a - +0 robe
rPois    .         Spirit   .   b - +0 hat
rElec    .         Reflect  .   v - scarf {rC+ rF+}
rCorr    +         Harm     .   i - +0 pair of gloves
MR       .....                  m - +0 pair of boots
Stlth    ++........             (no amulet)
HPRegen  0.10/turn              l - ring of resist corrosion
MPRegen  0.16/turn              (no ring)

@: mighty, berserk cooldown, slowed, very slow
A: no striking features
a: no special abilities


You were on level 5 of the Dungeon.
You were hungry.

You visited 1 branch of the dungeon, and saw 5 of its levels.
You also visited: Sewer.

You collected 184 gold pieces.

Inventory:

Hand Weapons
 e - a +2 dagger of holy wrath (weapon)
 r - a +0 trident
Missiles
 n - 2 curare-tipped darts (quivered)
Armour
 a - a +0 robe (worn)
 b - a +0 hat (worn)
 i - a +0 pair of gloves (worn)
 m - a +0 pair of boots (worn)
 v - a scarf of resistance (worn)
Jewellery
 l - a ring of resist corrosion (left hand)
 x - an uncursed ring of see invisible {unknown}
Wands
 A - a wand of flame (7)
Scrolls
 c - a scroll of enchant armour {unknown}
 f - 2 scrolls of remove curse
 g - a scroll of fear {unknown}
 j - 3 scrolls of teleportation
 k - a scroll of enchant weapon {unknown}
 s - a scroll of noise {unknown}
 u - a scroll of blinking {unknown}
 y - a scroll of amnesia {unknown}
Potions
 h - 2 potions of curing
 o - a potion of invisibility
 q - a potion of resistance
 t - 2 potions of flight
 w - 3 potions of berserk rage
 z - a potion of mutation {unknown}
Comestibles
 d - 3 rations


   Skills:
 + Level 0.1 Short Blades
 + Level 3.0 Dodging
 + Level 3.0 Stealth
 * Level 7.3 Spellcasting
 + Level 3.0 Conjurations
   Level 1.1 Summonings
 + Level 2.3 Translocations
 * Level 1.8 Fire Magic
 * Level 1.5 Air Magic
 * Level 2.4 Poison Magic


You had 10 spell levels left.
You knew the following spells:

 Your Spells              Type           Power        Failure   Level  Hunger
a - Magic Dart            Conj           ###.         2%          1    None
b - Blink                 Tloc           N/A          4%          2    None
c - Mephitic Cloud        Conj/Pois/Air  ###.....     9%          3    None
f - Conjure Flame         Conj/Fire      ###.....     9%          3    None

Your spell library contained the following spells:

 Spells                   Type           Power        Failure   Level  Hunger
 Call Imp                 Summ           ##......     7%          2    None
 Slow                     Hex            #.......     11%         2    None


Dungeon Overview and Level Annotations

Branches:
Dungeon (5/15)             Temple (0/1) D:4           Sewer (visited)

Altars:
Dithmenos
Kikubaaqudgha

Annotations:
D:5 Dowan, Sigmund


Message History

A giant cockroach comes into view.
Dowan hits you but does no damage.
The adder barely misses Dowan.
You barely miss Dowan.
Dowan is lightly wounded.
The sentinel's mark upon you fades away.
Dowan gestures at you while chanting. The stone arrow hits you!
Dowan closely misses you. Dowan hits you with a +0 dagger.
You puncture Dowan!
Dowan is heavily wounded.
The adder seems less confused.
Dowan barely misses you.
Sigmund hits Dowan with a +0 scythe!
The adder bites you but does no damage. Dowan hits you with a +0 dagger.
You closely miss Dowan.
Dowan is almost dead.
Dowan barely misses you. The adder closely misses you.
Sigmund closely misses Dowan.
Dowan points at you and mumbles some strange words.
The stone arrow hits you!
You die...

.......###....#.$.........
.##)#.....§####..###...#
............§........#.#
....#####...###).....#
.##<..##....# #......#
.####.##......+$(....#
....#.##..#####@.....#
..#.#.##..# #seS...#
.......#... #.@.([.#
###.#####. ######## ...
.### .. ##


You could see Sigmund (confused), Dowan, an adder and a giant cockroach.

Vanquished Creatures
  Duvessa (D:5)
  A centaur (D:5)
  A big kobold (Sewer)
  3 worker ants
  3 adders (D:3)
  2 river rats (Sewer)
  2 oozes
  5 worms
  A dart slug (D:1)
  5 leopard geckos
  An orc (D:3)
  5 giant cockroaches
  7 goblins
  9 hobgoblins
  5 jackals
  10 kobolds
  3 quokkas
  A ball python (D:1)
  7 bats
  2 frilled lizards
  9 rats
83 creatures vanquished.

Notes
Turn   | Place    | Note
-------+----------+-------------------------------------------
     0 | D:1      | Esekla the Deep Elf Wizard began the quest for the Orb.
     0 | D:1      | Reached XP level 1. HP: 10/10 MP: 7/7
   281 | D:1      | Reached skill level 5 in Spellcasting
   285 | D:1      | Reached XP level 2. HP: 6/15 MP: 0/10
   596 | D:2      | Learned a level 2 spell: Blink
  1040 | D:2      | Reached XP level 3. HP: 19/19 MP: 8/12
  1140 | D:1      | Learned a level 3 spell: Conjure Flame
  1144 | D:1      | Learned a level 3 spell: Mephitic Cloud
  2016 | D:2      | Reached skill level 6 in Spellcasting
  2181 | D:3      | Reached XP level 4. HP: 19/24 MP: 2/14
  2322 | D:3      | Reached skill level 1 in Poison Magic
  2373 | D:3      | Found a glowing drain.
  2394 | Sewer    | Entered a sewer
  2686 | Sewer    | Noticed a big kobold
  2704 | Sewer    | Killed a big kobold
  2704 | Sewer    | Reached skill level 1 in Fire Magic
  2704 | Sewer    | Reached XP level 5. HP: 28/28 MP: 6/16
  2807 | Sewer    | Found a glowing silver altar of Zin.
  3342 | D:4      | Found a shadowy altar of Dithmenos.
  3723 | D:4      | Reached skill level 1 in Air Magic
  3774 | D:4      | Found a staircase to the Ecumenical Temple.
  3962 | D:5      | Entered Level 5 of the Dungeon
  3990 | D:5      | Noticed Duvessa
  3992 | D:5      | Noticed Dowan
  3993 | D:5      | Noticed Sigmund
  4006 | D:5      | Found an ancient bone altar of Kikubaaqudgha.
  4014 | D:5      | Reached XP level 6. HP: 27/32 MP: 4/17
  4015 | D:5      | Killed Duvessa
  4015 | D:5      | Reached skill level 7 in Spellcasting
  4095 | D:5      | Killed from afar by Dowan

Levels and vault maps discovered:
D:1:      ebering_trefoil_twist, layout_loops_ring
D:2:      layout_rooms, kennysheep_generic_room_8
D:3:      layout_loops_cross, gup_sewer_entry_spiral
D:4:      layout_gridville, overflow_temple_1_default, lemuel_crystal_altar,
          minmay_temple_entry_overgrown, first_ration, uniq_pikel
D:5:      layout_basic, nicolae_overflow_crystal_walls, uniq_sigmund,
          uniq_duvessa

Skill      XL: |  1  2  3  4  5  6 |
---------------+-------------------+-----
Spellcasting   | 5 6 7 |  7.3
Conjurations   | 2 3 |  3.0
Poison Magic   | 1 2 |  2.4
Translocations | 2 |  2.3
Fire Magic     | 1 |  1.8
Air Magic      | 1 |  1.5
Dodging        | 3 |  3.0
Stealth        | 3 |  3.0
Short Blades   | |  0.1
Summonings     | |  1.1

Action                   |  1- 3 |  4- 6 || total
-------------------------+-------+-------++-------
Melee: Dagger            |    26 |    34 ||    60
Throw: Dart              |       |     3 ||     3
 Cast: Magic Dart        |   121 |    86 ||   207
       Conjure Flame     |     3 |     2 ||     5
       Blink             |       |     9 ||     9
       Mephitic Cloud    |       |     7 ||     7
  Use: Scroll            |     6 |     3 ||     9
       Potion            |       |     3 ||     3
 Stab: Sleeping          |     3 |     4 ||     7
       Confused          |       |     1 ||     1
  Eat: Chunk             |     3 |     6 ||     9
Armor: Robe              |    22 |    12 ||    34
Dodge: Dodged            |    46 |    41 ||    87

Table legend:
 A = Non-vault XP
 B = Vault XP
 C = Vault XP percentage of total XP
 D = Non-vault monster count
 E = Vault monster count
 F = Vault count percentage of total count
                 A         B        C        D         E       F
            +---------+---------+-------+---------+---------+-------
      Total |     359 |     291 |  44.8 |      63 |      20 |  24.1
            +---------+---------+-------+---------+---------+-------
        D:1 |      34 |       0 |   0.0 |      18 |       0 |   0.0
        D:2 |      49 |       4 |   7.5 |      21 |       2 |   8.7
        D:3 |      66 |      25 |  27.5 |      18 |       6 |  25.0
        D:4 |      72 |       0 |   0.0 |       3 |       0 |   0.0
        D:5 |     138 |     133 |  49.1 |       3 |       1 |  25.0
      Sewer |       0 |     129 | 100.0 |       0 |      11 | 100.0
            +---------+---------+-------+---------+---------+-------
